| TOP OF THE 1ST |
|
Winston-Salem Spirits batting - Pitching for Lynchburg Hillcats : LHP Paul Givens
|
|
Pitching: LHP Paul Givens
|
|
|
Batting: SHB Frank Diaz
|
0-0: Ball 1-0: Fly out, F9 (Flyball, 9LM, EV 90.6 MPH)
|
|
Batting: RHB Angelo Ross
|
0-0: Swinging Strike 0-1: Ball 1-1: Swinging Strike 1-2: Ball 2-2: Ground out 5-3 (Groundball, 15, EV 85.6 MPH)
|
|
Batting: RHB Gregory Key
|
0-0: Ball 1-0: Called Strike 1-1: Ball 2-1: Ball 3-1: Base on Balls
|
|
Batting: SHB Danny Montero
|
0-0: Ball 1-0: Called Strike 1-1: Ball 2-1: Called Strike 2-2: Ball 3-2: Strikes out swinging
|
| Top of the 1st over - 0 runs, 0 hits, 0 errors, 1 left on base; Winston-Salem 0 - Lynchburg 0 |
| BOTTOM OF THE 1ST |
|
Lynchburg Hillcats batting - Pitching for Winston-Salem Spirits : LHP Bob Raftice
|
|
Pitching: LHP Bob Raftice
|
|
|
Batting: RHB Ronald Lee
|
0-0: Ball 1-0: SINGLE (Line Drive, 56D, EV 107.5 MPH)
|
|
Batting: RHB Russ Quetti
|
0-0: Swinging Strike 0-1: Fly out, F7 (Flyball, 7LS, EV 86.9 MPH)
|
|
Batting: RHB William Lajoie
|
0-0: Called Strike 0-1: Ball 1-1: Ball 2-1: Foul Ball, location: 2F 2-2: Strikes out swinging
|
|
Batting: RHB Richard Witt
|
0-0: Ball 1-0: Fielders Choice at 2nd, 5-4 (Groundball, 56, EV 83.8 MPH)
|
| Bottom of the 1st over - 0 runs, 1 hit, 0 errors, 1 left on base; Winston-Salem 0 - Lynchburg 0 |
| TOP OF THE 2ND |
|
Winston-Salem Spirits batting - Pitching for Lynchburg Hillcats : LHP Paul Givens
|
|
Batting: RHB Michael Lenti
|
0-0: Ball 1-0: Swinging Strike 1-1: Ball 2-1: Foul Ball, location: 2F 2-2: Ball 3-2: DOUBLE (Line Drive, 89M, EV 90.0 MPH)
|
|
Batting: RHB Brad Fischer
|
0-0: Ball 1-0: Called Strike 1-1: Swinging Strike 1-2: Ground out 6-3 (Groundball, 6, EV 88.8 MPH) Michael Lenti to third
|
|
Batting: RHB Larry Reasonover
|
0-0: Called Strike 0-1: Foul Ball, location: 2F 0-2: Ball 1-2: Foul Ball, location: 2F 1-2: Strikes out swinging
|
|
Batting: RHB Ell Roberson
|
0-0: Ball 1-0: Called Strike 1-1: Foul Ball, location: 2F 1-2: Foul Ball, location: 2F 1-2: Ball 2-2: Ball 3-2: Base on Balls
|
|
Batting: RHB Kelly Miller
|
0-0: Called Strike 0-1: Ball 1-1: Foul Ball, location: 2F 1-2: Ball 2-2: Foul Ball, location: 2F 2-2: Fly out, F8 (Flyball, 8LD, EV 86.9 MPH)
|
| Top of the 2nd over - 0 runs, 1 hit, 0 errors, 2 left on base; Winston-Salem 0 - Lynchburg 0 |
| BOTTOM OF THE 2ND |
|
Lynchburg Hillcats batting - Pitching for Winston-Salem Spirits : LHP Bob Raftice
|
|
Batting: RHB Kenneth Tillman
|
0-0: Foul Ball, location: 2F 0-1: Swinging Strike 0-2: Strikes out swinging
|
|
Batting: RHB Curtis Cannedy
|
0-0: Foul Ball, location: 2F 0-1: Ball 1-1: Ball 2-1: Ball 3-1: Base on Balls
|
|
Batting: RHB Frederic Wade
|
0-0: Foul Ball, location: 2F 0-1: Ball 1-1: Ball 2-1: Called Strike 2-2: Foul Ball, location: 2F 2-2: Strikes out swinging
|
|
Batting: LHB Eb MacDonald
|
0-0: Called Strike 0-1: Ball 1-1: Ball 2-1: Foul Ball, location: 2F 2-2: Foul Ball, location: 2F 2-2: SINGLE (Line Drive, 78M, EV 101.9 MPH) Curtis Cannedy to second
|
|
Batting: RHB Felix Estrada
|
0-0: SINGLE (Groundball, 34D, EV 96.3 MPH) Curtis Cannedy to third Eb MacDonald to second Runner from 3rd tries for Home, SAFE, throw by RF to home
|
|
Batting: RHB Ronald Lee
|
0-0: Called Strike 0-1: Ball 1-1: Foul Ball, location: 2F 1-2: Ball 2-2: Strikes out swinging
|
| Bottom of the 2nd over - 1 run, 2 hits, 0 errors, 2 left on base; Winston-Salem 0 - Lynchburg 1 |
| TOP OF THE 3RD |
|
Winston-Salem Spirits batting - Pitching for Lynchburg Hillcats : LHP Paul Givens
|
|
Batting: SHB Frank Diaz
|
0-0: Called Strike 0-1: Ground out 6-3 (Groundball, 56, EV 78.8 MPH)
|
|
Batting: RHB Angelo Ross
|
0-0: Ball 1-0: Swinging Strike 1-1: Ground out 6-3 (Groundball, 56, EV 88.1 MPH)
|
|
Batting: RHB Gregory Key
|
0-0: Ball 1-0: Called Strike 1-1: Ball 2-1: Fly out, F8 (Flyball, 8LXD, EV 81.3 MPH)
|
| Top of the 3rd over - 0 runs, 0 hits, 0 errors, 0 left on base; Winston-Salem 0 - Lynchburg 1 |
| BOTTOM OF THE 3RD |
|
Lynchburg Hillcats batting - Pitching for Winston-Salem Spirits : LHP Bob Raftice
|
|
Batting: RHB Russ Quetti
|
0-0: Called Strike 0-1: Foul Ball, location: 2F 0-2: Ball 1-2: Ball 2-2: Ball 3-2: Base on Balls
|
|
Batting: RHB William Lajoie
|
0-0: Called Strike 0-1: Called Strike 0-2: Ball 1-2: Strikes out swinging
|
|
Batting: RHB Richard Witt
|
0-0: Foul Ball, location: 2F 0-1: Ball Wild Pitch! Russ Quetti to second 1-1: Ground out 5-3 (Groundball, 56S, EV 81.9 MPH)
|
|
Batting: RHB Kenneth Tillman
|
0-0: Ball 1-0: Ball 2-0: Ground out 4-3 (Groundball, 4S, EV 66.9 MPH)
|
| Bottom of the 3rd over - 0 runs, 0 hits, 0 errors, 1 left on base; Winston-Salem 0 - Lynchburg 1 |
| TOP OF THE 4TH |
|
Winston-Salem Spirits batting - Pitching for Lynchburg Hillcats : LHP Paul Givens
|
|
Batting: SHB Danny Montero
|
0-0: Ball 1-0: Ball 2-0: Ball 3-0: Base on Balls
|
|
Batting: RHB Michael Lenti
|
0-0: Called Strike 0-1: Foul Ball, location: 2F 0-2: Strikes out swinging
|
|
Batting: RHB Brad Fischer
|
0-0: Ball 1-0: Foul Ball, location: 2F 1-1: DOUBLE (Line Drive, 5D, EV 97.5 MPH) Danny Montero to third
|
|
Batting: RHB Larry Reasonover
|
0-0: Ball 1-0: Foul Ball, location: 2F 1-1: Swinging Strike 1-2: Foul Ball, location: 2F 1-2: Foul Ball, location: 2F 1-2: Ball 2-2: Strikes out swinging
|
|
Batting: RHB Ell Roberson
|
0-0: Called Strike 0-1: Ball 1-1: Ground out 5-3 (Groundball, 56S, EV 66.9 MPH)
|
| Top of the 4th over - 0 runs, 1 hit, 0 errors, 2 left on base; Winston-Salem 0 - Lynchburg 1 |
| BOTTOM OF THE 4TH |
|
Lynchburg Hillcats batting - Pitching for Winston-Salem Spirits : LHP Bob Raftice
|
|
Batting: RHB Curtis Cannedy
|
0-0: Ball 1-0: Swinging Strike 1-1: Foul Ball, location: 2F 1-2: Strikes out swinging
|
|
Batting: RHB Frederic Wade
|
0-0: Swinging Strike 0-1: Ball 1-1: Ball 2-1: Foul Ball, location: 2F 2-2: Ball 3-2: SINGLE (Flyball, 6MD, EV 83.1 MPH)
|
|
Batting: LHB Eb MacDonald
|
0-0: Ground out 6-3 (Groundball, 56, EV 104.4 MPH) Frederic Wade to second
|
|
Batting: RHB Felix Estrada
|
0-0: Fly out, F7 (Flyball, 7LM, EV 111.3 MPH)
|
| Bottom of the 4th over - 0 runs, 1 hit, 0 errors, 1 left on base; Winston-Salem 0 - Lynchburg 1 |
| TOP OF THE 5TH |
|
Winston-Salem Spirits batting - Pitching for Lynchburg Hillcats : LHP Paul Givens
|
|
Batting: RHB Kelly Miller
|
0-0: Foul Ball, location: 2F 0-1: Foul Ball, location: 2F 0-2: Ground out 4-3 (Groundball, 4, EV 86.9 MPH)
|
|
Batting: SHB Frank Diaz
|
0-0: Ball 1-0: Ball 2-0: Called Strike 2-1: SINGLE (Groundball, 5S, EV 65.0 MPH) (infield hit)
|
|
Batting: RHB Angelo Ross
|
0-0: Ball 1-0: Ball 2-0: Ball 3-0: Base on Balls Frank Diaz to second
|
|
Batting: RHB Gregory Key
|
0-0: Ball Frank Diaz steals 3rd base Angelo Ross to second 1-0: Called Strike 1-1: Ball 2-1: Fly out, F7 (Flyball, 7LM, EV 80.6 MPH)
|
|
Batting: SHB Danny Montero
|
0-0: SINGLE (Line Drive, 9S, EV 101.9 MPH) Frank Diaz scores Angelo Ross to third Runner from 3rd tries for Home, SAFE, throw by RF to home
|
|
Batting: RHB Michael Lenti
|
0-0: Ball 1-0: Called Strike 1-1: Foul Ball, location: 2F 1-2: Strikes out looking
|
| Top of the 5th over - 2 runs, 2 hits, 0 errors, 1 left on base; Winston-Salem 2 - Lynchburg 1 |
| BOTTOM OF THE 5TH |
|
Lynchburg Hillcats batting - Pitching for Winston-Salem Spirits : LHP Bob Raftice
|
|
Batting: RHB Ronald Lee
|
0-0: Called Strike 0-1: Swinging Strike 0-2: Ball 1-2: Foul Ball, location: 2F 1-2: Ball 2-2: Ground out 5-3 (Groundball, 56, EV 105.6 MPH)
|
|
Batting: RHB Russ Quetti
|
0-0: Ball 1-0: Foul Ball, location: 2F 1-1: Ball 2-1: Ball 3-1: Swinging Strike 3-2: Strikes out swinging, 2-3 out at first.
|
|
Batting: RHB William Lajoie
|
0-0: Called Strike 0-1: Foul Ball, location: 2F 0-2: Ball 1-2: Ball 2-2: SINGLE (Line Drive, 3D, EV 99.4 MPH)
|
|
Batting: RHB Richard Witt
|
0-0: Ball 1-0: Ball 2-0: Called Strike 2-1: Ball 3-1: Called Strike 3-2: Ground out 6-3 (Groundball, 6, EV 106.3 MPH)
|
| Bottom of the 5th over - 0 runs, 1 hit, 0 errors, 1 left on base; Winston-Salem 2 - Lynchburg 1 |
| TOP OF THE 6TH |
|
Winston-Salem Spirits batting - Pitching for Lynchburg Hillcats : LHP Paul Givens
|
|
Batting: RHB Brad Fischer
|
0-0: Ball 1-0: Ball 2-0: Called Strike 2-1: Fly out, F3 (Line Drive, 3, EV 73.1 MPH)
|
|
Batting: RHB Larry Reasonover
|
0-0: SINGLE (Line Drive, 4, EV 75.6 MPH) (infield hit)
|
|
Batting: RHB Ell Roberson
|
0-0: Ball 1-0: Ball 2-0: Ball 3-0: Called Strike 3-1: Base on Balls Larry Reasonover to second
|
|
Batting: RHB Kelly Miller
|
0-0: Foul Ball, location: 2F 0-1: Swinging Strike 0-2: Ball 1-2: Ball 2-2: Ball 3-2: Foul Ball, location: 2F 3-2: Base on Balls Larry Reasonover to third Ell Roberson to second
|
|
Batting: SHB Frank Diaz
|
0-0: Called Strike 0-1: Foul Ball, location: 2F 0-2: Ball 1-2: Ball 2-2: Foul Ball, location: 2F 2-2: Grounds into fielders choice 6-2 (Groundball, 15, EV 80.0 MPH) Ell Roberson to third Kelly Miller to second
|
|
Batting: RHB Angelo Ross
|
0-0: Called Strike 0-1: Foul Ball, location: 2F 0-2: Ball 1-2: Fielders Choice at 2nd, 6-4 (Groundball, 6, EV 90.6 MPH)
|
| Top of the 6th over - 0 runs, 1 hit, 0 errors, 3 left on base; Winston-Salem 2 - Lynchburg 1 |
| BOTTOM OF THE 6TH |
|
Lynchburg Hillcats batting - Pitching for Winston-Salem Spirits : LHP Bob Raftice
|
|
Batting: RHB Kenneth Tillman
|
0-0: Ball 1-0: Called Strike 1-1: Foul Ball, location: 2F 1-2: Ground out 6-3 (Groundball, 6, EV 90.0 MPH)
|
|
Batting: RHB Curtis Cannedy
|
0-0: Ground out 6-3 (Groundball, 56, EV 85.0 MPH)
|
|
Batting: RHB Frederic Wade
|
0-0: Ball 1-0: Swinging Strike 1-1: Ground out 3-1 (Groundball, 13, EV 93.1 MPH)
|
| Bottom of the 6th over - 0 runs, 0 hits, 0 errors, 0 left on base; Winston-Salem 2 - Lynchburg 1 |
| TOP OF THE 7TH |
|
Winston-Salem Spirits batting - Pitching for Lynchburg Hillcats : LHP Paul Givens
|
|
Pitching: RHP Kevin Richards
|
|
|
Batting: RHB Gregory Key
|
0-0: Foul Ball, location: 2F 0-1: Ball 1-1: Swinging Strike 1-2: Strikes out looking
|
|
Batting: SHB Danny Montero
|
0-0: Called Strike 0-1: SINGLE (Line Drive, 78M, EV 105.6 MPH)
|
|
Batting: RHB Michael Lenti
|
0-0: Ball 1-0: Called Strike 1-1: Called Strike 1-2: Ball 2-2: Ball 3-2: Strikes out looking
|
|
Batting: RHB Brad Fischer
|
0-0: Ground out U3 (Groundball, 3, EV 97.5 MPH)
|
| Top of the 7th over - 0 runs, 1 hit, 0 errors, 1 left on base; Winston-Salem 2 - Lynchburg 1 |
| BOTTOM OF THE 7TH |
|
Lynchburg Hillcats batting - Pitching for Winston-Salem Spirits : LHP Bob Raftice
|
|
Batting: LHB Eb MacDonald
|
0-0: Ball 1-0: Called Strike 1-1: Swinging Strike 1-2: Foul Ball, location: 2F 1-2: Hit by Pitch
|
|
Batting: RHB Felix Estrada
|
0-0: Bunted foul 0-1: Bunted foul 0-2: Ball 1-2: Foul Ball, location: 2F 1-2: Ball 2-2: Fly out, F4 (Popup, 34, EV 37.5 MPH)
|
|
Batting: RHB Ronald Lee
|
0-0: Called Strike 0-1: Fly out, F5 (Popup, 5SF, EV 78.1 MPH)
|
|
Pinch Hitting: RHB Luis A Rivera
|
0-0: Foul Ball, location: 2F 0-1: Ball 1-1: Swinging Strike 1-2: Fly out, F8 (Line Drive, 8RD, EV 103.8 MPH)
|
| Bottom of the 7th over - 0 runs, 0 hits, 0 errors, 1 left on base; Winston-Salem 2 - Lynchburg 1 |
| TOP OF THE 8TH |
|
Winston-Salem Spirits batting - Pitching for Lynchburg Hillcats : RHP Kevin Richards
|
|
Now at SS: Luis A Rivera
|
|
|
Batting: RHB Larry Reasonover
|
0-0: Ball 1-0: Ground out 6-3 (Groundball, 6, EV 88.8 MPH)
|
|
Batting: RHB Ell Roberson
|
0-0: Ball 1-0: SINGLE (Groundball, 25, EV 67.5 MPH) (infield hit)
|
|
Pinch Runner at 1st Mark Wiesler:
|
|
|
Batting: RHB Kelly Miller
|
0-0: Ball Mark Wiesler steals 2nd base (no throw) 1-0: Foul Ball, location: 2F 1-1: Foul Ball, location: 2F 1-2: Ball 2-2: Strikes out swinging
|
|
Batting: SHB Frank Diaz
|
0-0: Swinging Strike 0-1: Called Strike 0-2: Ball 1-2: Ground out 4-3 (Groundball, 34, EV 99.4 MPH)
|
| Top of the 8th over - 0 runs, 1 hit, 0 errors, 1 left on base; Winston-Salem 2 - Lynchburg 1 |
| BOTTOM OF THE 8TH |
|
Lynchburg Hillcats batting - Pitching for Winston-Salem Spirits : LHP Bob Raftice
|
|
Now in LF: Mark Wiesler
|
|
|
Batting: RHB William Lajoie
|
0-0: Called Strike 0-1: Foul Ball, location: 2F 0-2: SINGLE (Groundball, 6MD, EV 110.0 MPH)
|
|
Batting: RHB Richard Witt
|
0-0: Ball 1-0: Ball 2-0: Grounds into double play, 6-4-3 (Groundball, 6, EV 105.0 MPH)
|
|
Batting: RHB Kenneth Tillman
|
0-0: Called Strike 0-1: Ground out 6-3 (Groundball, 6, EV 83.1 MPH)
|
| Bottom of the 8th over - 0 runs, 1 hit, 0 errors, 0 left on base; Winston-Salem 2 - Lynchburg 1 |
| TOP OF THE 9TH |
|
Winston-Salem Spirits batting - Pitching for Lynchburg Hillcats : RHP Kevin Richards
|
|
Batting: RHB Angelo Ross
|
0-0: Ball 1-0: Foul Ball, location: 2F 1-1: Ball 2-1: Called Strike 2-2: Foul Ball, location: 2F 2-2: Ground out 5-3 (Groundball, 56, EV 83.8 MPH)
|
|
Batting: RHB Gregory Key
|
0-0: Ball 1-0: Foul Ball, location: 2F 1-1: Called Strike 1-2: Fly out, F8 (Line Drive, 8RM, EV 98.8 MPH)
|
|
Batting: SHB Danny Montero
|
0-0: Called Strike 0-1: Foul Ball, location: 2F 0-2: Strikes out swinging
|
| Top of the 9th over - 0 runs, 0 hits, 0 errors, 0 left on base; Winston-Salem 2 - Lynchburg 1 |
| BOTTOM OF THE 9TH |
|
Lynchburg Hillcats batting - Pitching for Winston-Salem Spirits : LHP Bob Raftice
|
|
Pitching: RHP Ray Williams
|
|
|
Batting: RHB Curtis Cannedy
|
0-0: Ball 1-0: Ball 2-0: Called Strike 2-1: Ground out 1-3 (Groundball, 13S, EV 68.8 MPH)
|
|
Batting: RHB Frederic Wade
|
0-0: Ball 1-0: Foul Ball, location: 2F 1-1: Foul Ball, location: 2F 1-2: Foul Ball, location: 2F 1-2: Ball 2-2: Ball 3-2: Ground out 6-3 (Groundball, 6D, EV 101.3 MPH)
|
|
Batting: LHB Eb MacDonald
|
0-0: Called Strike 0-1: Fly out, F9 (Flyball, 9, EV 79.4 MPH)
|
| Bottom of the 9th over - 0 runs, 0 hits, 0 errors, 0 left on base; Winston-Salem 2 - Lynchburg 1 |
|